 Dungeon Crawl Stone Soup version 0.29.1-15-g9cfb28693d (webtiles) character file.

Game seed: 17753076897988221690

9 protoss039 the Digger (level 2, 20/20 HPs)
             Began as a Demonspawn Earth Elementalist on Mar 21, 2023.
             Got out of the dungeon alive.
             The game lasted 00:00:33 (511 turns).

protoss039 the Digger (DsEE)                         Turns: 511, Time: 00:00:33

Health: 20/20      AC:  3    Str:  8    XL:     2   Next: 6%
Magic:  5/5        EV: 11    Int: 16    God:
Gold:   65         SH:  0    Dex: 13    Spells: 4/5 levels left

rFire   + . .      SeeInvis .   f - +0 dagger
rCold   . . .      Faith    .   (no shield)
rNeg    . . .      Spirit   .   e - +0 leather armour
rPois   .          Reflect  .   (helmet restricted)
rElec   .          Harm     .   (no cloak)
rCorr   .          Rampage  .   (no gloves)
Will    .....                   (no boots)
Stlth   ++........              (no amulet)
HPRegen 0.06/turn               h - ring of protection from fire
MPRegen 0.09/turn               (no ring)

@: no status effects
A: antennae 1
a: no special abilities


You escaped.
You visited 1 branch of the dungeon, and saw 1 of its levels.

You collected 65 gold pieces.

Inventory:

Hand Weapons
 f - a +0 dagger (weapon)
Armour
 e - a +0 leather armour (worn)
 j - a +0 cloak
Jewellery
 h - a ring of protection from fire (left hand)
Scrolls
 d - a scroll of fog {unknown}
 g - a scroll of identify {unknown}
 i - a scroll of poison {unknown}
Potions
 a - 2 potions of attraction {unknown}
 b - a potion of magic
 c - 2 potions of curing {unknown}


   Skills:
 + Level 0.8 Fighting
 - Level 1.7 Dodging
 - Level 1.7 Stealth
 + Level 2.2 Spellcasting
 - Level 0.8 Transmutations
 + Level 2.9 Earth Magic


You had 4 spell levels left.
You knew the following spells:

 Your Spells              Type           Power      Damage    Failure   Level
a - Sandblast             Erth           22%        2d7       9%          1

Your spell library contained the following spells:

 Spells                   Type           Power      Damage    Failure   Level
 Passwall                 Tmut/Erth      5%         N/A       21%         2
 Stone Arrow              Conj/Erth      12%        3d7       43%         3
 Petrify                  Tmut/Erth      7%         N/A       80%         4


Dungeon Overview and Level Annotations

Branches:
Dungeon (1/15) Zot: 5485

Altars:


Innate Abilities, Weirdness & Mutations

You have a pair of small antennae on your head.


Message History

Aim: an endoplasm (98% to hit)
The blast of sand hits the endoplasm!
You kill the endoplasm!
Unknown command.
h - a ring of protection from fire
i - a scroll labelled JUEDIB NIOHI
Found a spear.
h - a ring of protection from fire (left hand) Unknown command.
Found a cloak.
A quokka comes into view.
A quokka is nearby!
A goblin comes into view. It is wielding a +0 club.
The goblin shouts!
You see here a +0 cloak.
j - a +0 cloak
Casting: Sandblast (safe; 9% risk of failure)
Confirm with . or Enter, or press ? or * to list all spells.
Aiming: Sandblast (safe; 9% risk of failure)
Press: ? - help, Shift-Dir - straight line, f - quokka
Aim: a quokka (75% to hit)
The blast of sand hits the quokka!
You kill the quokka!
You have reached level 2!
Your demonic ancestry asserts itself...
A pair of antennae grows on your head!
Casting: Sandblast (safe; 9% risk of failure)
Confirm with . or Enter, or press ? or * to list all spells.
Aiming: Sandblast (safe; 9% risk of failure)
Press: ? - help, Shift-Dir - straight line, f - goblin
Aim: a goblin, wielding a +0 club (77% to hit)
The blast of sand hits the goblin!
You kill the goblin!
Unknown command.
Okay, then.
There is a stone staircase leading down here.
There is an open door here.
There is a staircase leading out of the dungeon here.
Are you sure you want to leave the Dungeon?
This will make you lose the game!
You have escaped!

###.#
#...#
######.###
#.)....#
#.###..#
###'###
#.....#
#.....#
#..@..#
#.....#
#.....#
###+###


There were no monsters in sight!

Vanquished Creatures
  A ball python (D:1)
  An endoplasm (D:1)
  2 giant cockroaches (D:1)
  A goblin (D:1)
  2 quokkas (D:1)
7 creatures vanquished.

Notes
Turn   | Place    | Note
-------+----------+-------------------------------------------
     0 | D:1      | protoss039 the Demonspawn Earth Elementalist began the
                  | quest for the Orb.
     0 | D:1      | Reached XP level 1. HP: 13/13 MP: 3/3
   387 | D:1      | Gained mutation: You have a pair of small antennae on your
                  | head. [demonic ancestry]
   387 | D:1      | Reached XP level 2. HP: 20/20 MP: 3/5
   511 | D:$      | Got out of the dungeon alive.

Illustrated notes

Levels and vault maps discovered:
D:1:      minmay_arrival_checkered_box, layout_basic

Action                   || total
-------------------------++-------
 Cast: Sandblast         ||     9
Dodge: Dodged            ||     2
